 Dungeon Crawl Stone Soup version 0.26.1-2-gb8aa6d0cf2 (webtiles) character file.

Game seed: 13688051648166094703

197 Dagix the Slinger (level 6, -4/41 HPs)
             Began as a Halfling Hunter on Feb 11, 2021.
             Killed by nerve-wracking pain
             ... invoked by an orc priest
              (12 damage)
             ... on level 4 of the Dungeon.
             The game lasted 00:22:29 (1830 turns).

Dagix the Slinger (Halfling Hunter)                 Turns: 1830, Time: 00:22:30

Health: -4/41      AC:  5    Str: 13    XL:     6   Next: 5%
Magic:  6/6        EV: 15    Int:  9    God:
Gold:   96         SH:  0    Dex: 17    Spells: 5/5 levels left

rFire    . . .     SeeInvis .   a - +1 hunting sling
rCold    . . .     Faith    .   (shield restricted)
rNeg     . . .     Spirit   .   c - +0 leather armour
rPois    .         Reflect  .   r - +0 helmet
rElec    .         Harm     .   (no cloak)
rCorr    .         Rampage  .   s - +0 pair of gloves (curse)
Will     .....                  (no boots)
Stlth    ++........             (no amulet)
HPRegen  0.13/turn              (no ring)
MPRegen  0.10/turn              (no ring)

@: no status effects
A: small, mutation resistance 1
a: no special abilities


You were on level 4 of the Dungeon.
You visited 1 branch of the dungeon, and saw 4 of its levels.

You collected 96 gold pieces.

Inventory:

Hand Weapons
 a - a +1 hunting sling (weapon)
 b - a +0 short sword
 g - a +2 dagger of holy wrath
 k - a +0 short sword
 m - a +0 club
 n - a +0 dagger
 o - a +0 hunting sling
 p - a +2 dagger of venom
 v - a +0 hunting sling
Missiles
 d - 43 sling bullets (quivered ammo)
 e - 33 bolts
 f - 43 stones
Armour
 c - a +0 leather armour (worn)
 q - a +0 animal skin
 r - a +0 helmet (worn)
 s - a cursed +0 pair of gloves (worn)
 w - a +0 chain mail
 x - a +0 robe
 B - a +0 ring mail
Jewellery
 z - a cursed ring of resist corrosion {unknown}
Scrolls
 h - 3 scrolls of remove curse {unknown}
 j - a scroll of identify {unknown}
 l - a scroll of enchant weapon {unknown}
 t - a scroll of teleportation {unknown}
 y - a scroll of immolation
 A - a scroll of fear {unknown}
Potions
 i - a potion of heal wounds {unknown}
 u - a potion of haste {unknown}


   Skills:
 + Level 2.4 Fighting
 + Level 0.8 Short Blades
 + Level 8.2 Slings
 + Level 2.1 Armour
 + Level 3.1 Dodging
 + Level 1.1 Stealth


You had 5 spell levels left.
You didn't know any spells.
Your spell library was empty.

Dungeon Overview and Level Annotations

Branches:
Dungeon (4/15)
 Temple: D:4-7

Altars:
The Shining One


Innate Abilities, Weirdness & Mutations

You are small and have problems with some larger weapons.
You are somewhat resistant to further mutation.


Message History

The orc priest calls upon Beogh to heal the orc wizard.
The orc wizard's wounds heal themselves!
Fire: 44 sling bullets
Press: ? - help, Q - select action, (/) - cycle Shift-Dir - straight line, f/p - orc priest
Aim: an orc priest (heavily wounded, 66% to hit)
You shoot a sling bullet.
The sling bullet closely misses the orc priest.
The orc priest invokes the aid of Beogh against you.
Beogh smites you!
* * * LOW HITPOINT WARNING * * *
Fire: 43 sling bullets
Press: ? - help, Q - select action, (/) - cycle Shift-Dir - straight line, f/p - orc priest
Aim: an orc priest (heavily wounded, 66% to hit)
Okay, then.
As you read the scroll labelled OMUUCO NYRI, it crumbles to dust.
The creatures around you are filled with an inner flame!
It was a scroll of immolation.
The orc priest invokes the aid of Beogh against you.
Pain shoots through your body!
You die...

..... #.......#....
(..)...##......##...
...##............#..
#o.##...............
#o#o...............#
####.#...............##
#......................
#....................##
##.....@.............. #
....................#..
.............## ....#.#
........###.#####.....##
..##.#....#..##....#....
. ...##.................
........................
!.......................
....###.##........####..


You could see an orc priest (inner flame), an orc wizard (inner flame) and an
orc (inner flame).

Vanquished Creatures
  A scorpion (D:4)
  A hound (D:4)
  A worker ant (D:4)
  A hound skeleton (D:4)
  Robin (D:3)
  4 adders
  An adder skeleton (D:4)
  A worm (D:3)
  A leopard gecko (D:2)
  A giant cockroach (D:3)
  8 goblins (D:3)
  5 hobgoblins (D:3)
  2 quokkas
  5 kobolds
  2 rats
35 creatures vanquished.

Notes
Turn   | Place    | Note
-------+----------+-------------------------------------------
     0 | D:1      | Dagix the Halfling Hunter began the quest for the Orb.
     0 | D:1      | Reached XP level 1. HP: 14/14 MP: 1/1
   206 | D:2      | Reached skill level 6 in Slings
   518 | D:3      | Reached XP level 2. HP: 19/19 MP: 2/2
   521 | D:3      | Found a glowing golden altar of the Shining One.
   549 | D:3      | Noticed Robin
   556 | D:3      | Killed Robin
   557 | D:3      | Reached XP level 3. HP: 24/24 MP: 3/3
   565 | D:3      | Reached skill level 7 in Slings
   668 | D:3      | Reached XP level 4. HP: 14/29 MP: 4/4
  1466 | D:4      | Reached skill level 1 in Armour
  1499 | D:4      | Reached XP level 5. HP: 34/34 MP: 5/5
  1709 | D:4      | Reached skill level 8 in Slings
  1709 | D:4      | Reached XP level 6. HP: 23/41 MP: 6/6
  1830 | D:4      | Killed from afar by an orc priest

Illustrated notes

Levels and vault maps discovered:
D:1:      minmay_arrival_stair_chambers, layout_rooms, serial_glass,
          glass_columns_b, glass_columns_a, item_on_display_b, feat_on_display
D:2:      layout_loops_corners, chequers_ecumenical_altar_grove,
          kennysheep_path_1
D:3:      layout_basic, minitemple, nicolae_overflow_crystal_walls, uniq_robin,
          uniq_jessica
D:4:      layout_cave_pools

Skill      XL: |  1  2  3  4  5 |
---------------+----------------+-----
Slings         | 6 7 8 |  8.2
Dodging        | 3 |  3.1
Armour         | 1 2 |  2.1
Fighting       | 2 |  2.4
Short Blades   | |  0.8
Stealth        | |  1.1

Action                   |  1- 3 |  4- 6 || total
-------------------------+-------+-------++-------
Melee: Hunting sling     |    11 |       ||    11
       Short sword       |     8 |       ||     8
       Dagger            |     3 |     2 ||     5
 Fire: Hunting sling     |    36 |    97 ||   133
Throw: Stone             |     2 |       ||     2
  Use: Potion            |       |     1 ||     1
       Scroll            |       |     1 ||     1
Armor: Leather armour    |    26 |    11 ||    37
Dodge: Dodged            |    69 |    64 ||   133
